[ AOE2 MATCH · #506221324 ]
UnrankedSaracens vs Slavs
Player's team · LOSS
Rival team · WIN
[ REPLAY ANALYSIS · EXTRACTED FROM THE RECORDED GAME ]
Feudal
9:17
Castle
21:03
Imperial
35:40
| APM avg | 77.9 |
| APM peak | 114 |
| eAPM avg | 42.3 |
| Villagers / military | 128 / 77 |
Focus
⚔️ 34.9% · 🌾 65.1%
Archer ×60 · Camel Scout ×7 · Scout Cavalry ×6 · Spearman ×3 · Monk ×1
Feudal
10:10
Castle
22:49
Imperial
—
| APM avg | 52.0 |
| APM peak | 106 |
| eAPM avg | 26.4 |
| Villagers / military | 113 / 53 |
Focus
⚔️ 29.6% · 🌾 70.4%
Knight ×43 · Spearman ×9 · Scout Cavalry ×1
Match map
Initial resources + every placement click. Lines = walls · curves = elevation contours. ◆ gold · ⬟ stone · ● berries · ✦ relic · ◌ wall gap
Your base· ✓ Closed at 21:03 · 50t walls · 1 gate(s)
[Legacy]Rian23's base· ✓ Closed at 22:49 · 36t walls · 2 gate(s)
Smoothed initial terrain · ◌ = detected wall gap · hover for details
Inputs per minute
— ReginLeif - - [Legacy]Rian23
Build order — ReginLeif
First 150 of 371 actions detected
| 0:01 | Queue | Villager (Male) |
| 0:01 | Queue | Villager (Male) |
| 0:02 | Build | House |
| 0:02 | Build | House |
| 0:17 | Queue | Villager (Male) |
| 0:30 | Queue | Villager (Male) |
| 0:31 | Queue | Villager (Male) |
| 1:28 | Queue | Villager (Male) |
| 1:28 | Queue | Villager (Male) |
| 1:59 | Queue | Villager (Male) |
| 2:15 | Queue | Villager (Male) |
| 2:15 | Queue | Villager (Male) |
| 2:42 | Queue | Villager (Male) |
| 2:42 | Queue | Villager (Male) |
| 3:22 | Queue | Villager (Male) |
| 3:22 | Queue | Villager (Male) |
| 3:34 | Queue | Villager (Male) |
| 3:34 | Queue | Villager (Male) |
| 3:54 | Build | House |
| 3:55 | Build | House |
| 3:58 | Queue | Villager (Male) |
| 4:18 | Queue | Villager (Male) |
| 4:22 | Build | Lumber Camp |
| 4:27 | Queue | Villager (Male) |
| 5:26 | Queue | Villager (Male) |
| 5:27 | Queue | Villager (Male) |
| 5:28 | Queue | Villager (Male) |
| 6:03 | Queue | Villager (Male) |
| 6:31 | Build | Mill |
| 7:05 | Research | Feudal Age |
| 7:05 | Research | Feudal Age |
| 7:28 | Research | Loom |
| 7:29 | Queue | Villager (Male) |
| 7:29 | Research | Loom |
| 8:16 | Build | Barracks |
| 8:31 | Queue | Villager (Male) |
| 8:50 | Build | House |
| 9:17 | Age | Feudal Age |
| 9:19 | Build | Stable |
| 9:21 | Queue | Spearman |
| 9:27 | Queue | Villager (Male) |
| 9:50 | Research | Double-Bit Axe |
| 9:50 | Research | Double-Bit Axe |
| 9:54 | Build | House |
| 9:58 | Build | House |
| 9:59 | Build | House |
| 10:00 | Build | Palisade Wall |
| 10:01 | Queue | Scout Cavalry |
| 10:06 | Queue | Scout Cavalry |
| 10:09 | Queue | Scout Cavalry |
| 10:12 | Queue | Villager (Male) |
| 10:17 | Queue | Scout Cavalry |
| 10:26 | Build | Palisade Gate |
| 10:42 | Queue | Scout Cavalry |
| 10:48 | Queue | Scout Cavalry |
| 10:52 | Research | Horse Collar |
| 10:52 | Queue | Villager (Male) |
| 10:56 | Build | Farm |
| 10:58 | Build | Farm |
| 11:02 | Build | Farm |
| 11:21 | Queue | Villager (Male) |
| 11:24 | Build | Farm |
| 11:35 | Build | House |
| 11:35 | Build | House |
| 11:51 | Queue | Villager (Male) |
| 11:52 | Queue | Villager (Male) |
| 11:54 | Build | Farm |
| 11:59 | Build | Farm |
| 12:10 | Build | House |
| 12:11 | Build | Palisade Wall |
| 12:28 | Queue | Villager (Male) |
| 12:29 | Queue | Villager (Male) |
| 12:45 | Queue | Villager (Male) |
| 12:59 | Build | Mining Camp |
| 13:07 | Queue | Villager (Male) |
| 13:07 | Queue | Villager (Male) |
| 13:08 | Build | Farm |
| 13:11 | Build | House |
| 13:12 | Build | Palisade Wall |
| 13:18 | Build | Farm |
| 13:22 | Build | House |
| 13:35 | Build | Watch Tower |
| 13:50 | Queue | Spearman |
| 13:52 | Build | Watch Tower |
| 13:54 | Build | House |
| 13:56 | Build | Palisade Wall |
| 14:04 | Build | Palisade Wall |
| 14:22 | Queue | Villager (Male) |
| 14:23 | Queue | Villager (Male) |
| 14:24 | Build | Farm |
| 14:25 | Build | Farm |
| 14:25 | Queue | Villager (Male) |
| 14:47 | Queue | Villager (Male) |
| 14:49 | Build | Market |
| 14:51 | Build | Farm |
| 14:51 | Queue | Villager (Male) |
| 15:07 | Build | Watch Tower |
| 15:15 | Build | Farm |
| 15:20 | Build | Palisade Wall |
| 15:24 | Build | Palisade Wall |
| 15:58 | Build | Mining Camp |
| 16:11 | Build | Palisade Wall |
| 16:12 | Build | Palisade Wall |
| 16:13 | Build | Palisade Wall |
| 16:15 | Build | Palisade Wall |
| 16:17 | Queue | Villager (Male) |
| 16:25 | Queue | Spearman |
| 16:48 | Build | Watch Tower |
| 17:06 | Build | Watch Tower |
| 17:08 | Queue | Villager (Male) |
| 17:08 | Queue | Villager (Male) |
| 17:08 | Queue | Villager (Male) |
| 17:10 | Build | Farm |
| 17:12 | Build | Farm |
| 17:14 | Build | Farm |
| 17:17 | Build | Farm |
| 17:18 | Queue | Villager (Male) |
| 17:25 | Build | Palisade Wall |
| 17:47 | Build | House |
| 18:20 | Research | Castle Age |
| 18:31 | Build | Archery Range |
| 18:36 | Build | Archery Range |
| 19:12 | Research | Gold Mining |
| 19:12 | Research | Gold Mining |
| 19:19 | Queue | Villager (Male) |
| 19:26 | Queue | Archer |
| 19:33 | Queue | Archer |
| 19:39 | Build | Blacksmith |
| 19:49 | Queue | Archer |
| 19:49 | Queue | Archer |
| 19:49 | Queue | Archer |
| 19:51 | Queue | Villager (Male) |
| 19:51 | Queue | Villager (Male) |
| 19:52 | Queue | Villager (Male) |
| 19:52 | Queue | Villager (Male) |
| 19:52 | Queue | Villager (Male) |
| 20:06 | Build | House |
| 20:07 | Build | House |
| 20:12 | Queue | Archer |
| 20:12 | Queue | Archer |
| 20:24 | Queue | Archer |
| 20:27 | Build | House |
| 20:29 | Research | Fletching |
| 20:29 | Research | Fletching |
| 21:03 | Age | Castle Age |
| 21:26 | Research | Bodkin Arrow |
| 21:27 | Research | Crossbowman (upgrade) |
| 21:27 | Research | Crossbowman (upgrade) |
| 21:37 | Build | Town Center |
| 21:49 | Queue | Villager (Male) |
Build order — [Legacy]Rian23
First 150 of 279 actions detected
| 0:02 | Queue | Villager (Male) |
| 0:03 | Build | House |
| 0:04 | Build | House |
| 0:11 | Queue | Villager (Male) |
| 0:18 | Queue | Villager (Male) |
| 0:18 | Queue | Villager (Male) |
| 1:25 | Queue | Villager (Male) |
| 1:54 | Build | Lumber Camp |
| 2:05 | Queue | Villager (Male) |
| 2:28 | Queue | Villager (Male) |
| 2:28 | Queue | Villager (Male) |
| 2:51 | Build | House |
| 2:52 | Queue | Villager (Male) |
| 2:52 | Queue | Villager (Male) |
| 3:14 | Queue | Villager (Male) |
| 3:41 | Queue | Villager (Male) |
| 3:53 | Build | Mill |
| 3:57 | Queue | Villager (Male) |
| 4:22 | Queue | Villager (Male) |
| 4:33 | Queue | Villager (Male) |
| 5:27 | Build | House |
| 5:30 | Queue | Villager (Male) |
| 5:45 | Queue | Villager (Male) |
| 5:53 | Build | Mill |
| 6:10 | Queue | Villager (Male) |
| 6:29 | Queue | Villager (Male) |
| 6:35 | Build | Palisade Wall |
| 6:56 | Queue | Villager (Male) |
| 7:08 | Build | Palisade Wall |
| 7:11 | Build | Palisade Wall |
| 7:16 | Build | Palisade Gate |
| 7:19 | Queue | Villager (Male) |
| 7:28 | Research | Loom |
| 7:48 | Build | Palisade Gate |
| 7:54 | Research | Feudal Age |
| 7:58 | Build | House |
| 8:23 | Build | House |
| 8:52 | Queue | Villager (Male) |
| 8:55 | Build | Barracks |
| 9:33 | Build | Palisade Wall |
| 9:38 | Build | Palisade Wall |
| 9:52 | Queue | Villager (Male) |
| 9:54 | Build | House |
| 10:10 | Age | Feudal Age |
| 10:14 | Build | Stable |
| 10:15 | Build | House |
| 10:27 | Queue | Villager (Male) |
| 10:30 | Research | Double-Bit Axe |
| 10:31 | Research | Horse Collar |
| 10:34 | Research | Town Watch |
| 10:36 | Research | Horse Collar |
| 10:43 | Queue | Villager (Male) |
| 11:00 | Build | Farm |
| 11:05 | Build | Farm |
| 11:06 | Queue | Villager (Male) |
| 11:23 | Build | Farm |
| 11:28 | Queue | Villager (Male) |
| 11:39 | Build | Farm |
| 11:53 | Build | Farm |
| 12:07 | Build | Mining Camp |
| 12:07 | Queue | Villager (Male) |
| 12:12 | Queue | Spearman |
| 12:27 | Build | Farm |
| 12:33 | Build | Palisade Wall |
| 12:35 | Queue | Villager (Male) |
| 12:48 | Build | Farm |
| 12:54 | Queue | Spearman |
| 12:57 | Queue | Villager (Male) |
| 12:58 | Queue | Spearman |
| 13:05 | Queue | Scout Cavalry |
| 13:21 | Build | Blacksmith |
| 13:22 | Build | House |
| 13:34 | Queue | Villager (Male) |
| 13:35 | Queue | Villager (Male) |
| 13:45 | Build | Watch Tower |
| 13:50 | Queue | Villager (Male) |
| 14:03 | Queue | Villager (Male) |
| 14:08 | Build | Mining Camp |
| 14:26 | Queue | Villager (Male) |
| 14:42 | Queue | Villager (Male) |
| 14:46 | Build | Farm |
| 14:51 | Queue | Spearman |
| 14:57 | Queue | Villager (Male) |
| 15:05 | Queue | Spearman |
| 15:34 | Queue | Villager (Male) |
| 15:42 | Build | Blacksmith |
| 15:50 | Queue | Spearman |
| 15:52 | Queue | Villager (Male) |
| 15:59 | Build | Farm |
| 16:10 | Build | Farm |
| 16:18 | Build | House |
| 16:29 | Queue | Villager (Male) |
| 16:31 | Build | Lumber Camp |
| 16:40 | Build | Farm |
| 16:56 | Queue | Spearman |
| 16:58 | Queue | Villager (Male) |
| 17:12 | Build | Farm |
| 17:14 | Build | Farm |
| 17:19 | Build | Watch Tower |
| 17:22 | Queue | Spearman |
| 17:25 | Queue | Villager (Male) |
| 17:31 | Build | Farm |
| 17:59 | Queue | Villager (Male) |
| 18:28 | Build | Outpost |
| 18:37 | Queue | Villager (Male) |
| 18:39 | Build | Farm |
| 18:46 | Queue | Spearman |
| 18:55 | Build | Market |
| 19:29 | Queue | Villager (Male) |
| 19:35 | Build | House |
| 19:48 | Build | Lumber Camp |
| 20:09 | Research | Castle Age |
| 20:10 | Research | Castle Age |
| 20:28 | Build | Watch Tower |
| 20:32 | Build | House |
| 20:37 | Build | Palisade Gate |
| 20:54 | Build | Stable |
| 20:58 | Build | Stable |
| 21:22 | Research | Bloodlines |
| 21:24 | Research | Scale Barding Armor |
| 21:49 | Build | Watch Tower |
| 21:50 | Build | Palisade Wall |
| 21:50 | Build | Palisade Wall |
| 21:51 | Build | Palisade Wall |
| 21:51 | Build | Palisade Wall |
| 21:52 | Build | Palisade Wall |
| 21:52 | Build | Palisade Wall |
| 21:53 | Build | Palisade Wall |
| 21:58 | Build | House |
| 21:59 | Build | House |
| 22:01 | Build | House |
| 22:34 | Build | Farm |
| 22:36 | Build | Farm |
| 22:49 | Age | Castle Age |
| 22:51 | Queue | Knight |
| 22:51 | Queue | Knight |
| 22:52 | Queue | Knight |
| 22:53 | Queue | Villager (Male) |
| 22:57 | Queue | Knight |
| 23:18 | Queue | Villager (Male) |
| 23:32 | Build | Town Center |
| 23:38 | Queue | Knight |
| 23:40 | Build | Farm |
| 23:44 | Build | Farm |
| 23:45 | Build | Farm |
| 23:45 | Queue | Villager (Male) |
| 23:48 | Build | Farm |
| 23:56 | Queue | Knight |
| 23:56 | Queue | Knight |
| 24:19 | Queue | Villager (Male) |
Match timeline
| 6:35 | [Legacy]Rian23 · wall_segment Palisade Wall x4 |
| 7:08 | [Legacy]Rian23 · wall_segment Palisade Wall x5 |
| 7:11 | [Legacy]Rian23 · wall_segment Palisade Wall x3 |
| 8:16 | ReginLeif · first_building Barracks |
| 8:55 | [Legacy]Rian23 · first_building Barracks |
| 9:17 | ReginLeif · age_up feudal |
| 9:19 | ReginLeif · first_building Stable |
| 9:33 | [Legacy]Rian23 · wall_segment Palisade Wall x1 |
| 9:38 | [Legacy]Rian23 · wall_segment Palisade Wall x15 |
| 10:00 | ReginLeif · wall_segment Palisade Wall x6 |
| 10:10 | [Legacy]Rian23 · age_up feudal |
| 10:14 | [Legacy]Rian23 · first_building Stable |
| 12:11 | ReginLeif · wall_segment Palisade Wall x6 |
| 12:33 | [Legacy]Rian23 · wall_segment Palisade Wall x1 |
| 13:12 | ReginLeif · wall_segment Palisade Wall x1 |
| 13:56 | ReginLeif · wall_segment Palisade Wall x1 |
| 14:04 | ReginLeif · wall_segment Palisade Wall x1 |
| 15:20 | ReginLeif · wall_segment Palisade Wall x15 |
| 15:24 | ReginLeif · wall_segment Palisade Wall x8 |
| 15:54 | ReginLeif · first_market_sell 100 wood |
| 16:11 | ReginLeif · wall_segment Palisade Wall x1 |
| 16:12 | ReginLeif · wall_segment Palisade Wall x1 |
| 16:13 | ReginLeif · wall_segment Palisade Wall x1 |
| 16:15 | ReginLeif · wall_segment Palisade Wall x1 |
| 17:25 | ReginLeif · wall_segment Palisade Wall x9 |
| 18:14 | ReginLeif · first_market_buy 100 food |
| 18:31 | ReginLeif · first_building Archery Range |
| 21:03 | ReginLeif · age_up castle |
| 21:50 | [Legacy]Rian23 · wall_segment Palisade Wall x1 |
| 21:50 | [Legacy]Rian23 · wall_segment Palisade Wall x1 |
| 21:51 | [Legacy]Rian23 · wall_segment Palisade Wall x1 |
| 21:51 | [Legacy]Rian23 · wall_segment Palisade Wall x1 |
| 21:52 | [Legacy]Rian23 · wall_segment Palisade Wall x2 |
| 21:52 | [Legacy]Rian23 · wall_segment Palisade Wall x1 |
| 21:53 | [Legacy]Rian23 · wall_segment Palisade Wall x1 |
| 22:49 | [Legacy]Rian23 · age_up castle |
| 27:02 | ReginLeif · wall_segment Palisade Wall x1 |
| 29:42 | ReginLeif · first_building Monastery |
| 33:25 | [Legacy]Rian23 · first_market_buy 100 wood |
| 33:43 | [Legacy]Rian23 · first_building Castle |
| 33:43 | ReginLeif · first_building Castle |
| 34:00 | ReginLeif · wall_segment Stone Wall x1 |
| 35:40 | ReginLeif · age_up imperial |
| 35:51 | [Legacy]Rian23 · first_building Archery Range |
| 36:11 | ReginLeif · resign |
[ AI ANALYSIS · 1 CREDIT ]
What really happened in this match?
Wolo.gg analyzes every decision: build order, eco, micro, common mistakes by bracket. Personalized analysis on WhatsApp or Discord in 30 seconds.
Civ guide
Saracens
Perfil
Jugador #4292746